Get step-by-step instructions on how to execute this build order below. Start the game timer, and the build order will tick by so you can play in parallel with StarCraft on a second screen or mobile device.

Game Time

  0:00

Last Step

  N/A

Next Step

Upcoming Step



Don't want to look back and forth between 2 screens? Try out our Overwolf App, the Spawning Tool Build Advisor to get an in-game overlay with this build!

Complete Build Order

  12  0:00  SCV  
  13  0:12  SCV  
  14  0:17  Supply Depot  
  14  0:25  SCV  
  14  0:28  Refinery  
  15  0:38  SCV  
  16  0:45  Barracks  
  16  0:50  SCV  
  17  1:02  SCV  
  18  1:15  SCV  
  19  1:31  Orbital Command  
  19  1:32  Reaper  
  20  1:42  Command Center  
  20  1:55  Factory  
  20  1:57  SCV  
  21  2:02  Refinery  
  21  2:06  Barracks Reactor  
  21  2:12  Supply Depot  
  21  2:15  SCV  
  22  2:27  SCV  
  23  2:39  SCV  
  23  2:40  Starport  
  23  2:41  Hellion  
  23  2:42  Marine  
  27  2:44  Marine  
  29  2:51  SCV  
  29  2:59  Orbital Command  
  29  3:02  Widow Mine, Marine  
  32  3:07  SCV  
  32  3:09  Marine  
  34  3:19  Medivac  
  37  3:20  SCV  
  37  3:24  Widow Mine  
  37  3:26  Supply Depot  
  39  3:28  SCV  
  39  3:32  SCV  
  41  3:40  SCV  
  42  3:41  Marine  
  42  3:42  Marine  
  42  3:44  SCV  
  45  3:49  Supply Depot  
  45  3:51  Starport Tech Lab, Factory Tech Lab  
  46  3:55  SCV  
  46  3:56  SCV  
  46  3:59  Marine x2  
  49  4:07  SCV  
  49  4:08  SCV  
  51  4:10  Siege Tank, Banshee  
  51  4:12  Cloaking Field  
  51  4:15  Refinery  
  57  4:21  Supply Depot  
  57  4:23  SCV  
  58  4:32  SCV  
  58  4:36  SCV  
  58  4:37  Marine x2  
  62  4:43  Supply Depot  
  62  4:44  SCV  
  63  4:48  SCV  
  57  4:53  Banshee  
  57  4:54  Siege Tank  
  57  4:56  Marine x2  
  57  4:58  SCV  
  64  5:06  Barracks  
  64  5:07  Engineering Bay  
  64  5:08  Barracks  
  64  5:13  Supply Depot  
  64  5:19  SCV x2  
  66  5:26  Siege Tank  
  69  5:31  SCV  
  69  5:35  Marine x2  
  73  5:37  Raven  
  73  5:42  Command Center  
  74  5:45  SCV x2  
  76  5:50  Refinery  
  76  5:55  Marine x2  
  79  5:57  SCV  
  79  6:01  SCV  
  79  6:03  Terran Infantry Weapons Level 1  
  80  6:05  Stimpack  
  80  6:07  Factory Tech Lab  
  80  6:19  Marine x2  
  80  6:25  Marine  
  83  6:28  Marine  
  83  6:29  Starport Reactor  
  83  6:30  Siege Tank  
  84  6:35  Supply Depot  
  84  6:36  SCV x2, Marine  
  84  6:37  Supply Depot  
  84  6:39  Combat Shield  
  87  6:43  Marauder  
  89  6:48  Marine x2  
  89  6:53  SCV  
  92  6:54  Marine  
  92  6:56  SCV  
  92  6:59  Orbital Command  
  94  7:05  Marauder  
  94  7:06  Marine  
  97  7:09  Barracks  
  97  7:11  Barracks  
  97  7:15  SCV x2  
  99  7:21  Marine  
  99  7:22  Siege Tank  
  103  7:28  Orbital Command, Marine x2  
  103  7:29  Marauder  
  107  7:33  Supply Depot  
  107  7:34  SCV  
  107  7:35  Supply Depot  
  108  7:40  Marine  
  108  7:41  Supply Depot  
  108  7:42  Medivac x2  
  113  7:46  Marauder, SCV x2, Marine  
  113  7:50  Marauder  
  120  7:54  SCV, Siege Tank  
  120  7:57  Marine  
  120  7:58  Liberator, Concussive Shells, SCV x2, Barracks Reactor  
  127  7:59  Barracks Tech Lab  
  127  8:03  Ghost Academy  
  127  8:04  Marine  
  125  8:06  SCV  
  125  8:07  Liberator  
  125  8:10  SCV x2, Marine  
  125  8:11  Marine  
  130  8:15  Marine  
  130  8:19  Marine  
  134  8:21  Bunker, Marine  
  139  8:28  Marauder  
  139  8:29  Marauder, Missile Turret  
  139  8:31  Missile Turret  
  139  8:33  Marine  
  144  8:37  Marine x2  
  144  8:38  Marauder  
  144  8:39  Marine  
  149  8:45  Supply Depot  
  149  8:50  Marine  
  149  8:51  Marine